 Dungeon Crawl Stone Soup version 0.30.0-5-g1a98f26d00 (webtiles) character file.

Game seed: 2301433646618685297

18 ChrisAssaf the Sneak (level 2, -2/15 HPs)
             Began as a Vine Stalker Brigand on May 8, 2023.
             Slain by an iguana (4 damage)
             ... on level 3 of the Dungeon.
             The game lasted 00:01:56 (442 turns).

ChrisAssaf the Sneak (Vine Stalker Brigand)          Turns: 442, Time: 00:01:57

Health: -2/15      AC:  3    Str: 13    XL:     2   Next: 66%
Magic:  0/3        EV: 11    Int: 11    God:
Gold:   54         SH:  0    Dex: 15    Spells: 2/2 levels left

rFire   . . .        a - +2 dagger
rCold   . . .        (no shield)
rNeg    . . .        b - +0 robe
rPois   .            (no helmet)
rElec   .            c - +0 cloak
rCorr   .            (no gloves)
SInv    .            (no boots)
Will    .....        (no amulet)
Stlth   +++          (no ring)
HPRegen 0.22/turn    (no ring)
MPRegen 0.08/turn

%: guardian spirit
@: attractive
A: fangs 2, magic shield, antimagic bite, no potion heal 2
a: no special abilities


You were on level 3 of the Dungeon.
You visited 1 branch of the dungeon, and saw 3 of its levels.

You collected 54 gold pieces.

Inventory:

Hand Weapons
 a - a +2 dagger (weapon)
Missiles
 d - 9 poisoned darts
 e - 3 curare-tipped darts
 k - 4 boomerangs (quivered)
Armour
 b - a +0 robe (worn)
 c - a +0 cloak (worn)
 l - an orb of light
Scrolls
 f - 4 scrolls of teleportation
 g - a scroll of amnesia {unknown}
 h - 2 scrolls of identify {unknown}
 j - 2 scrolls of immolation


   Skills:
 * Level 1.8 Fighting
 * Level 1.9 Short Blades
 * Level 1.8 Throwing
 * Level 0.2 Armour
 * Level 0.9 Dodging
 * Level 5.3 Stealth
 * Level 0.5 Spellcasting


You had 2 spell levels left.
You didn't know any spells.
Your spell library was empty.

Dungeon Overview and Level Annotations

Branches:
Dungeon (3/15)

Altars:


Innate Abilities, Weirdness & Mutations

You have extremely sharp teeth.
When hurt, damage is shared between your health and your magic reserves.
Your bite disrupts and absorbs the magic of your enemies.
Potions cannot restore your health.


Message History

You hit the iguana. You bite the iguana. You drain its power.
The iguana is moderately wounded.
The iguana barely misses you.
You barely miss the iguana.
The iguana is moderately wounded.
The iguana closely misses you.
You hit the iguana but do no damage.
The iguana is moderately wounded.
The iguana bites you!
Ouch! That really hurt!
You barely miss the iguana. You bite the iguana. You drain its power.
You feel invigorated.
The iguana is moderately wounded.
The iguana bites you.
* * * LOW HITPOINT WARNING * * *
You barely miss the iguana.
The iguana is moderately wounded.
The iguana bites you but does no damage.
It was a potion of attraction.
You feel attractive to monsters. The iguana misses you.
You hit the iguana. Your bite misses the iguana.
The iguana is heavily wounded.
The iguana misses you.
You hit the iguana. Your bite misses the iguana.
The iguana is severely wounded.
The iguana closely misses you.
You hit the iguana.
The iguana is almost dead.
You barely miss the iguana.
The iguana is almost dead.
The iguana misses you.
You hit the iguana but do no damage. You bite the iguana, but do no damage.
The iguana is almost dead.
The iguana bites you.
* * * LOW HITPOINT WARNING * * *
You hit the iguana but do no damage.
The iguana is almost dead.
The iguana bites you.
You die...

### #.. #.#
#.# #.# #l#
#@# #.#
#.#########
#.........#
#.######.##
#.# #.# #.#
#.# ..# #.#
### #.#


You could see an iguana.

Vanquished Creatures
  An adder (D:2)
  A dart slug (D:1)
  2 endoplasms
  3 kobolds
  A bat (D:1)
8 creatures vanquished.

Notes
Turn   | Place    | Note
-------+----------+-------------------------------------------
     0 | D:1      | ChrisAssaf the Vine Stalker Brigand began the quest for the
                  | Orb.
     0 | D:1      | Reached XP level 1. HP: 11/11 MP: 2/2
    63 | D:1      | Reached skill level 5 in Stealth
   249 | D:2      | Reached XP level 2. HP: 13/15 MP: 3/3
   442 | D:3      | Slain by an iguana

Illustrated notes

Levels and vault maps discovered:
D:1:      minmay_arrival_wavy_path, layout_rooms, serial_co_window_serial,
          co_window_paths_a, co_window_corner_a, co_window_paths_b,
          co_window_cross_1, co_window_corner_a, co_window_corner_b,
          co_window_corner_ca, co_window_broadway_c, co_window_2corner,
          co_window_paths_d, co_window_4corner_a, glass_columns_a,
          glass_columns_a, hellmonk_ecumenical_altar_lost_god,
          minmay_misc_feat_alley, chequers_arboretum
D:2:      layout_rooms, uniq_crazy_yiuf_cottage
D:3:      minmay_angry_zag, layout_basic, nicolae_eternal_life,
          wander_ebering_terrifying_dragon_lair, uniq_sigmund

Skill      XL: |  1 |
---------------+----+-----
Stealth        | 5 |  5.3
Fighting       | |  1.8
Short Blades   | |  1.9
Throwing       | |  1.8
Armour         | |  0.2
Dodging        | |  0.9
Spellcasting   | |  0.5

Action                     || total
---------------------------++-------
  Melee: Dagger            ||    30
         Bite              ||     8
  Throw: Boomerang         ||    11
         Dart              ||     1
    Use: Scroll            ||     2
         Potion            ||     1
   Stab: Sleeping          ||     1
 Armour: Robe              ||     4
  Dodge: Dodged            ||    16
